 Dungeon Crawl Stone Soup version 0.23.2-1-ga50397a (webtiles) character file.

Game seed: 14269067189756127341

3562412 gohu the Invulnerable (level 27, 265/273 HPs)
             Began as a Minotaur Fighter on Apr 12, 2019.
             Was the Champion of Okawaru.
             Escaped with the Orb
             ... and 5 runes on Apr 15, 2019!
             The game lasted 03:49:05 (60923 turns).

gohu the Invulnerable (Minotaur Fighter)           Turns: 60923, Time: 03:49:06

Health: 265/273    AC: 43    Str: 35    XL:     27
Magic:  36/36      EV: 26    Int:  5    God:    Okawaru [******]
Gold:   9997       SH: 28    Dex: 23    Spells: 26/26 levels left

rFire    + + +     SeeInvis +   R - +9 broad axe (vamp)
rCold    + . .     Gourm    .   u - +0 large shield "Teliwn" {rF++ Str+4}
rNeg     . . .     Faith    .   a - +7 gold dragon scales
rPois    +         Spirit   .   J - +0 mask of the Dragon {MR+ Slay+3 SInv}
rElec    .         Reflect  .   b - +2 cloak {+Inv}
rCorr    .         Harm     .   N - +4 pair of gloves of Springtime {MR+}
MR       ++++.                  v - +2 pair of boots {run}
Stlth    ..........             G - amulet of regeneration
HPRegen  0.55/turn              Z - ring "Moyxovuf" {Str+2 Dex+5}
MPRegen  0.25/turn              Y - ring "Zaxufin" {EV+6 Str+3}

@: lightly drained, quick
A: retaliatory headbutt, horns 2, see invisible, deformed body, deterioration 1,
fire resistance 1, poison resistance, shaggy fur 1
0: Orb of Zot
}: 5/15 runes: barnacled, slimy, silver, abyssal, gossamer
a: Heroism, Finesse, Renounce Religion, Evoke Invisibility


You escaped.
You worshipped Okawaru.
Okawaru was exalted by your worship.
You were very full.

You visited 11 branches of the dungeon, and saw 55 of its levels.
You visited the Abyss 2 times.
You also visited: Gauntlet, Ice Cave, Volcano and Wizlab.

You collected 11581 gold pieces.
You spent 1584 gold pieces at shops.

Inventory:

Hand Weapons
 m - the +8 mithril axe "Arga" {speed, MR+}
   (Okawaru gifted it to you on level 5 of the Vaults)

   Attacks with this weapon are significantly faster.
   It affects your resistance to hostile enchantments.
 A - the +11 broad axe of Ambiguity {flame, SInv}
   (Okawaru gifted it to you on level 4 of the Shoals)

   It has been specially enchanted to burn those struck by it, causing extra
   injury to most foes and up to half again as much damage against particularly
   susceptible opponents.
   Big, fiery blades are also staple armaments of hydra-hunters.
   It lets you see invisible.
 R - a +9 vampiric broad axe (weapon)
Missiles
 P - 15 throwing nets (quivered)
Armour
 a - +7 gold dragon scales (worn)
 b - a +2 cloak of invisibility (worn)
 u - the +0 large shield "Teliwn" (worn) {rF++ Str+4}
   (Okawaru gifted it to you on level 1 of the Depths)

   It affects your strength (+4).
   It greatly protects you from fire.
 v - a +2 pair of boots of running (worn)
 z - the +1 hat of the Blind Marksman {-Cast +Blink rN+ Regen+}
   (Okawaru gifted it to you on level 12 of the Dungeon)

   It protects you from negative energy.
   It lets you blink.
   It prevents spellcasting.
   It increases your rate of regeneration.
 I - the +2 pair of gloves of the Trees {*Slow rElec Regen+ Stlth+}
   (You found it in an ice cave)

   It insulates you from electricity.
   It increases your rate of regeneration.
   It may slow you when you take damage.
   It makes you more stealthy.
 J - the +0 mask of the Dragon (worn) {MR+ Slay+3 SInv}
   (You found it in an ice cave)

   It affects your accuracy and damage with ranged weapons and melee attacks
   (+3).
   It affects your resistance to hostile enchantments.
   It lets you see invisible.
 N - the +4 pair of gloves of Springtime (worn) {MR+}
   (Okawaru gifted it to you on level 5 of the Vaults)

   It affects your resistance to hostile enchantments.
Jewellery
 g - a +2 ring of evasion
 h - the amulet of Leaves {RegenMP rF+ rC+}
   (You acquired it on level 3 of the Depths)

   [amulet of magic regeneration]

   It increases your magic regeneration.
   It protects you from fire.
   It protects you from cold.
 l - the amulet "Eruotu" {Gourm MR++}
   (You found it on level 8 of the Dungeon)

   [amulet of the gourmand]

   It allows you to eat raw meat even when not hungry.
   It affects your resistance to hostile enchantments.
 G - an amulet of regeneration (around neck)
 Y - the ring "Zaxufin" (right hand) {EV+6 Str+3}
   (You found it on level 4 of the Lair of Beasts)

   [ring of evasion]

   It affects your evasion (+6).
   It affects your strength (+3).
 Z - the ring "Moyxovuf" (left hand) {Str+2 Dex+5}
   (You took it off a deep elf mage on level 3 of the Elven Halls)

   [ring of strength]

   It affects your strength (+2).
   It affects your dexterity (+5).
Wands
 x - a wand of clouds (5)
 C - a wand of disintegration (30)
 E - a wand of iceblast (21)
 F - a wand of acid (25)
 L - a wand of digging (4)
 S - a wand of scattershot (16)
Scrolls
 c - 5 scrolls of holy word
 d - 2 scrolls of immolation
 e - 14 scrolls of teleportation
 j - 7 scrolls of magic mapping
 k - 45 scrolls of identify
 p - a scroll of brand weapon
 s - 8 scrolls of blinking
 y - 30 scrolls of remove curse
 U - 6 scrolls of fear
 V - 6 scrolls of fog
 X - 2 scrolls of summoning
Potions
 i - 3 potions of invisibility
 o - 4 potions of cancellation
 q - 30 potions of curing
 r - 8 potions of agility
 t - 4 potions of haste
 w - 3 potions of heal wounds
 H - 9 potions of might
 O - 3 potions of resistance
 T - 5 potions of mutation
Miscellaneous
 n - a lamp of fire
 D - a lamp of fire
 K - 5 phantom mirrors
Comestibles
 f - 76 rations


   Skills:
 O Level 27(26.4) Fighting
 + Level 23.5(23.0) Axes
 O Level 27(26.4) Armour
 - Level 16.0(15.5) Dodging
 - Level 25.0(24.4) Shields
 + Level 21.1(20.6) Invocations
 - Level 9.3(8.9) Evocations


You had 26 spell levels left.
You didn't know any spells.
Your spell library contained the following spells:

 Spells                   Type           Power        Failure   Level  Hunger
 Animate Skeleton         Necr           N/A          94%         1    ##.....
 Apportation              Tloc           #.....       94%         1    ##.....
 Beastly Appendage        Tmut           #.....       94%         1    ##.....
 Confusing Touch          Hex            #.....       94%         1    ##.....
 Corona                   Hex            #......      94%         1    ##.....
 Flame Tongue             Conj/Fire      #....        94%         1    ##.....
 Freeze                   Ice            #...         94%         1    ##.....
 Magic Dart               Conj           #...         94%         1    ##.....
 Pain                     Necr           #...         94%         1    ##.....
 Sting                    Conj/Pois      #...         94%         1    ##.....
 Summon Butterflies       Summ           #.......     94%         1    ##.....
 Summon Small Mammal      Summ           #...         94%         1    ##.....
 Blink                    Tloc           N/A          98%         2    ###....
 Call Imp                 Summ           #.......     98%         2    ###....
 Corpse Rot               Necr           N/A          98%         2    ###....
 Ensorcelled Hibernation  Hex/Ice        #.....       98%         2    ###....
 Poisonous Vapours        Pois/Air       #.....       98%         2    ###....
 Searing Ray              Conj           #.....       98%         2    ###....
 Shroud of Golubria       Chrm/Tloc      #.........   98%         2    ###....
 Slow                     Hex            #.......     98%         2    ###....
 Sticks to Snakes         Tmut           #.......     98%         2    ###....
 Throw Flame              Conj/Fire      #.....       98%         2    ###....
 Call Canine Familiar     Summ           #.......     100%        3    ####...
 Confuse                  Hex            #.......     100%        3    ####...
 Conjure Flame            Conj/Fire      #.......     100%        3    ####...
 Dazzling Spray           Conj/Hex       #.....       100%        3    ####...
 Gell's Gravitas          Tloc           #.........   100%        3    ####...
 Ignite Poison            Fire/Tmut/Pois #.......     100%        3    ####...
 Inner Flame              Hex/Fire       #.......     100%        3    ####...
 Mephitic Cloud           Conj/Pois/Air  #.......     100%        3    ####...
 Recall                   Summ/Tloc      N/A          100%        3    ####...
 Regeneration             Chrm/Necr      #.........   100%        3    ####...
 Spider Form              Tmut/Pois      #.........   100%        3    ####...
 Stone Arrow              Conj/Erth      #.....       100%        3    ####...
 Summon Guardian Golem    Hex/Summ       #.......     100%        3    ####...
 Tukima's Dance           Hex            #.......     100%        3    ####...
 Vampiric Draining        Necr           #.........   100%        3    ####...
 Animate Dead             Necr           N/A          100%        4    #####..
 Force Lance              Conj/Tloc      #.......     100%        4    #####..
 Fulminant Prism          Conj/Hex       #.........   100%        4    #####..
 Ice Form                 Ice/Tmut       #.......     100%        4    #####..
 Iskenderun's Mystic Bla  Conj           #.......     100%        4    #####..
 Leda's Liquefaction      Hex/Erth       #.........   100%        4    #####..
 Olgreb's Toxic Radiance  Pois           #.......     100%        4    #####..
 Petrify                  Tmut/Erth      #.......     100%        4    #####..
 Sticky Flame             Conj/Fire      #.......     100%        4    #####..
 Summon Ice Beast         Ice/Summ       #.......     100%        4    #####..
 Summon Lightning Spire   Summ/Air       #.......     100%        4    #####..
 Alistair's Intoxication  Tmut/Pois      #.......     100%        5    ######.
 Blade Hands              Tmut           #.........   100%        5    ######.
 Bolt of Magma            Conj/Fire/Erth #.........   100%        5    ######.
 Fireball                 Conj/Fire      #.........   100%        5    ######.
 Irradiate                Conj/Tmut      #.........   100%        5    ######.
 Iskenderun's Battlesphe  Conj/Chrm      #.......     100%        5    ######.
 Metabolic Englaciation   Hex/Ice        #.........   100%        5    ######.
 Silence                  Hex/Air        #.........   100%        5    ######.
 Summon Forest            Summ/Tloc      #.........   100%        5    ######.
 Summon Mana Viper        Hex/Summ       #.......     100%        5    ######.
 Venom Bolt               Conj/Pois      #.........   100%        5    ######.
 Yara's Violent Unravell  Hex/Tmut       #.........   100%        5    ######.
 Bolt of Cold             Conj/Ice       #.........   100%        6    #######
 Bolt of Fire             Conj/Fire      #.........   100%        6    #######
 Conjure Ball Lightning   Conj/Air       #.........   100%        6    #######
 Deflect Missiles         Chrm/Air       #.........   100%        6    #######
 Freezing Cloud           Conj/Ice/Air   #.........   100%        6    #######
 Hydra Form               Tmut           #.........   100%        6    #######
 Iron Shot                Conj/Erth      #.........   100%        6    #######
 Statue Form              Tmut/Erth      #........    100%        6    #######
 Dragon Form              Tmut           #.........   100%        7    #######
 Orb of Destruction       Conj           #.........   100%        7    #######
 Ring of Flames           Chrm/Fire      #.........   100%        7    #######
 Spellforged Servitor     Conj/Summ      #.........   100%        7    #######
 Summon Hydra             Summ           #.........   100%        7    #######
 Controlled Blink         Tloc           N/A          100%        8    #######
 Ignition                 Fire           #.........   100%        8    #######
 Tornado                  Air            #.........   100%        9    #######


Dungeon Overview and Level Annotations

Branches:
Dungeon (15/15)            Temple (1/1) D:5            Lair (6/6) D:10
 Shoals (4/4) Lair:2       Spider (4/4) Lair:3        Slime (5/5) Lair:5
    Orc (2/2) D:12            Elf (3/3) Orc:2        Vaults (5/5) D:13
  Crypt (0/3) Vaults:3     Depths (5/5) D:15            Zot (5/5) Depths:5

Altars:
Ashenzari
Cheibriados
Dithmenos
Elyvilon
Fedhas
Gozag
Hepliaklqana
Kikubaaqudgha
Makhleb
Nemelex Xobeh
Okawaru
Qazlal
Ru
Sif Muna
Trog
Uskayaw
Vehumet
Wu Jian
Xom
Yredelemnul
Zin
The Shining One
Beogh
Jiyva

Shops:
D:9 (   Orc:2 *%:%   Vaults:2 *   Vaults:3 *   Vaults:4 [(   Vaults:5 ??[!==
Zot:5 *   Depths:5 (:=[

Portals:
Hell: Depths:1 Depths:2 Depths:3 Depths:4 Depths:5
Abyss: Depths:4 Depths:5
Pandemonium: Depths:1 Depths:3
Ziggurat: Depths:1

Annotations:
Lair:3 exclusion: oklob plant
Depths:3 1 runed translucent door


Innate Abilities, Weirdness & Mutations

You reflexively headbutt those who attack you in melee.
You have a pair of horns on your head.
You have supernaturally acute eyesight. (SInv)
Armour fits poorly on your strangely shaped body.
Your body sometimes deteriorates upon taking damage.
Your flesh is heat resistant. (rF+)
Your system is resistant to poisons. (rPois)
You are covered in fur. (AC +1)


Message History

You slice the reaper!!
The reaper is severely wounded.
You block the reaper's attack.
You closely miss the reaper.
You headbutt the reaper, but do no damage.
The reaper is severely wounded.
You slice the reaper!!
The reaper is almost dead.
You block the reaper's attack.
You slash the reaper!
You kill the reaper!
Okawaru accepts your kill.
No target in view!
There is a staircase leading out of the dungeon here.
Wear which item? (? for menu, Esc to quit)
You start putting on your armour.
You continue putting on the +0 mask of the Dragon {MR+ Slay+3 SInv}. x4
You finish putting on the +0 mask of the Dragon {MR+ Slay+3 SInv}.
You can't go down here!
You have escaped!

.#'## #.#.#.......# .#.#
#.#.#.##.#### .#.# #.#.#.##.#
.#'########## #.#.#.##.#
............# #........#
............######.#.#.##.#
............##...).#......#
##############.#'#.#...#..# #
#.#@#)#...#..### #
#.#+#.#...#....# #
#.....#...##.#.#
##################.....##.#.#
.......................##.#.#
####################......#.#
# #..............##.....#.# #
#.############.#......#.# #.#
#..............#.#


There were no monsters in sight!

Vanquished Creatures
  Dissolution (Slime:2)
  the Royal Jelly (Slime:5)
  4 orbs of fire
  4 ancient liches
  The ghost of Graouh the Conqueror, a legendary MiFi of Okawaru (Zot:5)
  Xtahua (Vaults:5)
  Saint Roka (Orc:2)
  Bai Suzhen (Depths:2)
  2 curse toes
  10 Killer Klowns (Zot:5)
  A profane servitor (Depths:5)
  the Enchantress (Depths:2)
  7 golden dragons
  2 bone dragons
  Nikola (Elf:2)
  Arachne (Spider:3)
  2 Tzitzimimeh
  4 liches
  3 electric golems
  Jorgrun (Elf:2)
  20 tentacled monstrosities
  28 Orb Guardians
  A moon troll (WizLab)
  5 titans
  A Hell Sentinel (Abyss:1)
  A deep elf master archer (Elf:3)
  7 quicksilver dragons
  Asterion (Spider:4)
  13 acid blobs
  2 deep elf blademasters (Elf:3)
  A kraken (Shoals:2)
  8 death cobs
  An Executioner (D:12)
  7 sphinxes
  16 shadow dragons
  11 tentacled starspawn
  Ilsuiw (Shoals:2)
  Agnes (D:14)
  18 storm dragons
  Roxanne (Spider:3)
  10 tengu reavers
  7 draconian monks
  An iron dragon (Vaults:5)
  6 azure jellies
  A blood saint (D:1)
  7 fire giants
  6 deep elf sorcerers
  Aizul (Shoals:4)
  7 frost giants
  4 draconian scorchers
  An orc warlord (Depths:3)
  A juggernaut zombie (Depths:2)
  9 draconian knights
  9 deep elf elementalists
  18 vault wardens
  7 ghost moths
  2 emperor scorpions (Spider:4)
  9 draconian shifters
  5 draconian stormcallers
  4 spriggan defenders
  20 ironheart preservers
  2 reapers
  3 cacodemons (WizLab)
  2 war gargoyles
  9 draconian annihilators
  28 very ugly things
  25 stone giants
  Azrael (Elf:2)
  An entropy weaver (shapeshifter) (Vaults:5)
  Nessos (D:15)
  8 black draconians
  8 purple draconians
  8 green draconians
  2 vampire knights (Depths:3)
  10 yellow draconians
  A lorocyproca (D:13)
  6 deep elf annihilators (Elf:3)
  3 entropy weavers
  7 deep elf demonologists
  2 spark wasps (Spider:4)
  6 white draconians
  2 minotaurs
  19 red draconians
  17 ettins
  9 merfolk javelineers
  2 pearl dragon zombies (Depths:5)
  4 deep elf death magi
  2 blizzard demons (IceCv)
  A crystal guardian (Vaults:4)
  A deep elf high priest (Vaults:5)
  6 fire dragons
  6 death oozes (Slime:5)
  2 green deaths
  17 great orbs of eyes
  17 yaktaur captains
  A quicksilver dragon zombie (Abyss:3)
  Erolcha (D:9)
  6 hydras
  11 merfolk impalers
  A hell beast (D:2)
  30 vault guards
  14 ice dragons
  21 ogre magi
  3 rakshasas
  4 spriggan air magi
  An anaconda (shapeshifter) (Vaults:3)
  2 merfolk avatars
  5 death knights
  11 centaur warriors
  3 death yaks (Depths:1)
  60 two-headed ogres
  A vampire mage (Depths:3)
  21 dancing weapons
  6 merfolk aquamancers
  3 hell hogs (Depths:5)
  8 deep troll shamans
  An orc high priest (Orc:2)
  6 tengu warriors
  10 deep troll earth magi
  A satyr (Shoals:3)
  5 thrashing horrors
  4 soul eaters
  A sun demon (Zot:5)
  Urug (D:11)
  2 shock serpents (shapeshifter)
  A storm dragon zombie (Depths:2)
  12 spriggan berserkers
  Nergalle (Lair:3)
  4 wretched stars
  14 deep elf knights
  8 iron trolls
  5 hell knights
  A salamander mystic (Volcano)
  An unseen horror (shapeshifter) (Abyss:3)
  A death drake (shapeshifter) (Vaults:5)
  7 skeletal warriors
  5 flayed ghosts
  9 sea snakes
  2 shadow wraiths
  An orange crystal statue (WizLab)
  37 deep trolls
  2 spatial maelstroms
  2 unseen horrors
  12 glowing orange brains
  10 deep elf archers
  6 phantasmal warriors
  5 wizards
  29 orc knights
  24 ironbrand convokers
  8 necromancers
  13 harpies
  An obsidian statue (Zot:5)
  54 deep elf magi
  2 frost giant zombies
  12 orc sorcerers
  32 wolf spiders
  2 orb spiders (shapeshifter)
  A harpy (shapeshifter) (Vaults:3)
  4 human zombies
  19 orb spiders
  3 fauns (Shoals:3)
  4 cyclopes
  2 stone giant zombies
  6 mana vipers (Depths:3)
  2 shining eyes
  2 tengu skeletons (Vaults:2)
  12 manticores
  A centaur zombie (D:13)
  65 ugly things
  A manticore (shapeshifter) (Depths:3)
  2 worldbinders
  13 elephants
  3 black mambas
  5 salamanders (Volcano)
  38 moths of wrath
  8 merfolk sirens
  An elephant (shapeshifter) (Vaults:2)
  3 ice statues
  3 water nymphs
  5 smoke demons
  4 apis skeletons (Depths:5)
  A frost giant skeleton (Depths:2)
  An orange demon (Gauntlet)
  A fire giant skeleton (Vaults:2)
  Psyche (D:12)
  A torpor snail (shapeshifter) (Depths:5)
  3 gargoyles
  A stone giant skeleton (Vaults:2)
  3 centaur skeletons
  10 vault sentinels
  9 eyes of devastation
  10 spiny frogs
  4 torpor snails
  2 rime drakes (shapeshifter)
  5 rime drakes
  30 yaktaurs
  10 komodo dragons
  7 freezing wraiths
  A yaktaur zombie (Vaults:5)
  5 ice devils
  A kobold demonologist (D:13)
  A golden dragon simulacrum (IceCv)
  An anaconda simulacrum (IceCv)
  11 demonic crawlers
  5 human skeletons (Vaults:2)
  6 polar bears
  A silent spectre (Abyss:5)
  A troll (shapeshifter) (Depths:5)
  2 ancient zymes
  2 red devils (Depths:3)
  5 tengu conjurers
  3 wind drakes
  42 merfolk
  7 meliai
  A wind drake (shapeshifter) (Vaults:3)
  31 jumping spiders
  8 large abominations
  9 snapping turtles
  13 trolls
  A meliai (shapeshifter) (D:15)
  2 queen bees (shapeshifter)
  44 slime creatures
  A jumping spider (shapeshifter) (D:15)
  17 hornets
  A hornet (shapeshifter) (Depths:2)
  13 blink frogs
  9 hippogriffs
  5 dream sheep
  3 raiju
  A hippogriff (shapeshifter) (Depths:3)
  A spriggan (shapeshifter) (Depths:1)
  A frost giant simulacrum (Vaults:5)
  A stone giant simulacrum (Vaults:2)
  2 ettin skeletons (Abyss:5)
  2 air elementals
  A centaur simulacrum (D:15)
  70 redbacks
  20 spriggans
  A vampire (D:14)
  4 ynoxinuls
  A shadow (D:12)
  17 starcursed masses
  35 tarantellas
  A wyvern (Lair:3)
  7 fire elementals
  7 wraiths
  A dire elephant simulacrum (IceCv)
  28 water elementals
  31 yaks
  4 basilisks
  A human (D:12)
  A human (shapeshifter) (Depths:3)
  11 vampire mosquitoes
  2 golden eyes (Slime:5)
  2 hungry ghosts (D:8)
  A neqoxec (WizLab)
  5 spatial vortices
  3 chaos spawn
  5 harpy simulacra (IceCv)
  A death yak simulacrum (IceCv)
  3 human simulacra
  6 wargs
  3 iron troll simulacra (IceCv)
  4 hydra simulacra (IceCv)
  An acid dragon (shapeshifter) (Depths:2)
  An acid dragon (D:12)
  A soldier ant (D:13)
  30 water moccasins
  A floating eye (Abyss:5)
  11 porcupines
  8 hell hounds
  A hornet zombie (D:15)
  4 black bears
  4 eyes of draining
  3 ice beasts
  47 orc warriors
  8 sky beasts
  2 necrophages
  A fire dragon simulacrum (Vaults:1)
  2 phantoms
  An alligator simulacrum (IceCv)
  21 boggarts
  21 wolves (Lair:6)
  46 ogres
  A centaur (shapeshifter) (Gauntlet)
  25 centaurs
  16 crocodiles
  15 small abominations
  3 big kobolds
  13 bullfrogs
  Blork the orc (D:5)
  3 earth elementals
  A gnoll sergeant (Orc:1)
  A glowing shapeshifter simulacrum (Vaults:3)
  A wyvern zombie (D:15)
  A wyvern skeleton (D:11)
  5 scorpions
  13 wights
  An elephant simulacrum (IceCv)
  5 electric eels
  A howler monkey (D:5)
  5 crimson imps
  A bullfrog zombie (D:8)
  4 draconian simulacra (IceCv)
  28 orc priests
  9 jellies
  8 hounds
  3 bullfrog skeletons
  33 orc wizards
  An iron imp (Abyss:1)
  4 iguanas
  A polar bear simulacrum (IceCv)
  A spriggan simulacrum (IceCv)
  8 worker ants
  5 troll simulacra (IceCv)
  2 wolf simulacra (IceCv)
  A hound zombie (D:8)
  3 hound skeletons
  2 worker ant zombies
  Robin (D:4)
  10 gnolls
  27 adders
  5 naga simulacra (IceCv)
  3 ogre simulacra (IceCv)
  A shadow imp (D:8)
  5 white imps (IceCv)
  6 oozes
  An adder zombie (D:10)
  3 adder skeletons
  2 worms
  3 leopard geckos
  90 orcs
  A ball python (D:4)
  4 giant cockroaches
  27 goblins
  12 hobgoblins
  9 jackals
  5 quokkas
  4 bats
  5 frilled lizards
  23 kobolds
  A leopard gecko skeleton (D:9)
  A quokka skeleton (D:8)
  A quokka zombie (D:6)
  5 rats
  A butterfly (Lair:5)
  2 demonic plants
  2 fungi
  6 plants
  14 starspawn tentacles
  3 tentacles (Shoals:2)
2697 creatures vanquished.

Vanquished Creatures (collateral kills)
  A deep elf master archer (Elf:3)
1 creature vanquished.

Vanquished Creatures (others)
  A golden dragon (Zot:3)
  A deep elf knight (Elf:1)
  An orb spider (Spider:4)
  A hornet (Vaults:5)
  An ogre (Vaults:5)
  An orc wizard (Orc:2)
  4 white imps (IceCv)
  3 ufetubi (IceCv)
  An orc (Vaults:5)
  A demonic plant (WizLab)
  11 fungi
  15 plants
  16 starspawn tentacles
  5 tentacles (Shoals:2)
62 creatures vanquished.

Grand Total: 2760 creatures vanquished

Notes
Turn   | Place    | Note
-------+----------+-------------------------------------------
     0 | D:1      | gohu the Minotaur Fighter began the quest for the Orb.
     0 | D:1      | Reached XP level 1. HP: 19/19 MP: 0/0
   290 | D:1      | Reached XP level 2. HP: 20/26 MP: 1/1
  1177 | D:2      | Reached XP level 3. HP: 26/31 MP: 2/2
  1235 | D:2      | Reached skill level 5 in Axes
  1446 | D:2      | Reached XP level 4. HP: 39/39 MP: 3/3
  2024 | D:3      | Found a glowing silver altar of Zin.
  2198 | D:3      | Reached XP level 5. HP: 35/45 MP: 4/4
  2886 | D:4      | Noticed an ogre
  2897 | D:4      | Killed an ogre
  2897 | D:4      | Reached XP level 6. HP: 20/51 MP: 5/5
  3209 | D:4      | Noticed Robin
  3226 | D:4      | Killed Robin
  3586 | D:5      | Entered Level 5 of the Dungeon
  3657 | D:5      | Reached XP level 7. HP: 45/57 MP: 6/6
  3894 | D:5      | Noticed Blork the orc
  3899 | D:5      | Killed Blork the orc
  3917 | D:5      | Reached skill level 10 in Axes
  4393 | D:5      | Found a staircase to the Ecumenical Temple.
  4400 | Temple   | Entered the Ecumenical Temple
  4539 | Temple   | Became a worshipper of Warmaster Okawaru
  4645 | D:5      | Reached XP level 8. HP: 58/64 MP: 7/7
  4662 | D:5      | Found a bloodstained altar of Trog.
  4963 | D:6      | Found a burning altar of Makhleb.
  5032 | D:6      | Reached * piety under Okawaru
  5413 | D:6      | Found a radiant altar of Vehumet.
  6417 | D:8      | Reached XP level 9. HP: 67/70 MP: 8/8
  6498 | D:8      | Noticed a two-headed ogre
  6611 | D:9      | Found a deep blue altar of Sif Muna.
  6669 | D:9      | Found the +9 sword of Zonguldrok {reap}
  6758 | D:9      | Noticed Erolcha
  6797 | D:10     | Entered Level 10 of the Dungeon
  6820 | D:10     | Reached ** piety under Okawaru
  7025 | D:10     | Got a dazzling long sword
  7356 | D:9      | Reached *** piety under Okawaru
  7386 | D:9      | Reached skill level 5 in Fighting
  7386 | D:9      | Reached skill level 5 in Armour
  7386 | D:9      | Reached skill level 5 in Shields
  7473 | D:8      | Noticed a skeletal warrior
  7569 | D:8      | Found a basalt altar of Yredelemnul.
  7571 | D:8      | Found a transporter.
  7572 | D:8      | Noticed a flayed ghost
  7573 | D:8      | Found an ancient bone altar of Kikubaaqudgha.
  7670 | D:8      | You fall through a shaft!
  7670 | D:9      | Found a shadowy altar of Dithmenos.
  7675 | D:9      | Found a white marble altar of Elyvilon.
  7735 | D:9      | Found Moneaf's Antique Weapon Shop.
  7739 | D:9      | Bought a runed war axe for 162 gold pieces
  7984 | D:9      | Killed Erolcha
  7984 | D:9      | Reached XP level 10. HP: 84/84 MP: 0/9
  8104 | D:8      | Found a transporter.
  8229 | D:8      | Killed a two-headed ogre
  8404 | D:10     | Reached **** piety under Okawaru
  8429 | D:10     | Found a staircase to the Lair.
  8811 | D:11     | Noticed Urug
  8812 | D:11     | Noticed a green ugly thing
  9069 | D:11     | Killed an unseen horror
  9386 | D:11     | Killed a green ugly thing
  9451 | D:11     | Paralysed by Urug for 7 turns
  9465 | D:11     | Killed Urug
  9640 | D:11     | Reached XP level 11. HP: 58/95 MP: 6/10
  9887 | Lair:1   | Entered Level 1 of the Lair of Beasts
 10153 | Lair:1   | HP: 4/95 [poisoned by a spiny frog]
 10160 | Lair:1   | HP: 4/95 [poisoned by a spiny frog]
 10168 | Lair:1   | HP: 4/95 [poisoned by a spiny frog]
 10545 | Lair:1   | Reached ***** piety under Okawaru
 10695 | Lair:1   | Reached skill level 1 in Dodging
 10719 | Lair:1   | Reached skill level 1 in Invocations
 11964 | Lair:2   | Received a gift from Okawaru
 12117 | Lair:2   | Found a staircase to the Shoals.
 12170 | Lair:3   | Noticed Nergalle
 12189 | Lair:3   | Killed Nergalle
 12189 | Lair:3   | Reached skill level 10 in Fighting
 12189 | Lair:3   | Reached skill level 10 in Armour
 12189 | Lair:3   | Reached skill level 10 in Shields
 12547 | Lair:3   | Reached XP level 12. HP: 75/107 MP: 7/13
 12923 | Lair:3   | Found a hole to the Spider Nest.
 13613 | Lair:4   | Noticed a four-headed hydra
 13630 | Lair:4   | Killed a seven-headed hydra
 13816 | Lair:4   | Reached skill level 5 in Dodging
 14026 | Lair:4   | Reached ****** piety under Okawaru
 14124 | Lair:4   | Received a gift from Okawaru
 14215 | Lair:4   | Noticed a seven-headed hydra
 14222 | Lair:4   | Killed a seven-headed hydra
 14222 | Lair:4   | Reached skill level 5 in Invocations
 14513 | Lair:4   | Got an ancient ivory ring
 14643 | Lair:4   | Identified the ring "Zaxufin" {EV+6 Str+3} (You found it on
                  | level 4 of the Lair of Beasts)
 14662 | Lair:5   | Found a gate leading to a gauntlet.
 14685 | Gauntlet | Entered a Gauntlet
 14685 | Gauntlet | Found a transporter.
 14685 | Gauntlet | Found a transporter.
 14691 | Gauntlet | Found a transporter.
 14691 | Gauntlet | Found a transporter.
 14693 | Gauntlet | Found a large runed translucent door.
 14694 | Gauntlet | Found a large runed translucent door.
 14695 | Gauntlet | Found a large runed translucent door.
 14695 | Gauntlet | Found a large runed translucent door.
 14695 | Gauntlet | Found a runed translucent door.
 14696 | Gauntlet | Found a large runed translucent door.
 14704 | Gauntlet | Found a transporter.
 14705 | Gauntlet | Noticed a tengu warrior
 14717 | Gauntlet | Found a runed translucent door.
 14718 | Gauntlet | Found a large runed translucent door.
 14718 | Gauntlet | Found a large runed translucent door.
 14718 | Gauntlet | Found a large runed translucent door.
 14719 | Gauntlet | Found a large runed translucent door.
 14720 | Gauntlet | Found a transporter.
 14720 | Gauntlet | Found a large runed translucent door.
 14733 | Gauntlet | Found a large runed translucent door.
 14733 | Gauntlet | Found a large runed translucent door.
 14734 | Gauntlet | Found a large runed translucent door.
 14734 | Gauntlet | Found a large runed translucent door.
 14734 | Gauntlet | Found a large runed translucent door.
 14734 | Gauntlet | Found a large runed translucent door.
 14737 | Gauntlet | Found a runed translucent gate.
 14737 | Gauntlet | Found a runed translucent gate.
 14737 | Gauntlet | Found a runed translucent gate.
 14739 | Gauntlet | Found a transporter.
 14741 | Gauntlet | Found a transporter.
 14746 | Gauntlet | Noticed a blizzard demon
 14748 | Gauntlet | Noticed a green death
 14751 | Gauntlet | Found a transporter.
 14751 | Gauntlet | Found a transporter.
 14782 | Gauntlet | Found a transporter.
 14794 | Gauntlet | Found a transporter.
 14841 | Gauntlet | Found a transporter.
 14855 | Gauntlet | Found a transporter.
 14956 | Gauntlet | Found a transporter.
 14970 | Gauntlet | Found a transporter.
 15348 | Gauntlet | Killed a green death
 15348 | Gauntlet | Reached XP level 13. HP: 117/117 MP: 1/16
 15438 | Gauntlet | Identified the +1 short sword "Hojiboff" {flame, Dex+2}
 15438 | Gauntlet | Noticed a minotaur
 15449 | Gauntlet | Killed a minotaur
 15815 | Lair:5   | Received a gift from Okawaru
 15924 | Lair:5   | Found a staircase to the Slime Pits.
 16250 | Lair:6   | Entered Level 6 of the Lair of Beasts
 16964 | Lair:6   | Identified the Grimoire of Moulding
 16990 | Lair:6   | Received a gift from Okawaru
 17317 | Lair:6   | Reached XP level 14. HP: 129/129 MP: 6/19
 17957 | D:8      | Got a crude emerald amulet
 17980 | D:8      | Identified the amulet "Eruotu" {Gourm MR++} (You found it
                  | on level 8 of the Dungeon)
 18563 | D:12     | Noticed Psyche
 18585 | D:12     | Killed Psyche
 18613 | D:12     | Found a staircase to the Orcish Mines.
 18627 | D:12     | Reached skill level 15 in Armour
 19095 | Orc:1    | Entered Level 1 of the Orcish Mines
 19102 | Orc:1    | Found a roughly hewn altar of Beogh.
 19151 | Orc:1    | Found a dark tunnel.
 19203 | Volcano  | Entered a volcano
 19370 | Volcano  | Received a gift from Okawaru
 19770 | Orc:2    | Entered Level 2 of the Orcish Mines
 19770 | Orc:2    | Found a staircase to the Elven Halls.
 19770 | Orc:2    | Noticed Saint Roka
 20045 | Orc:2    | Killed Saint Roka
 21063 | Orc:2    | Found Teiffe's Book Boutique.
 21067 | Orc:2    | Found Ivocres's Food Boutique.
 21072 | Orc:2    | Found Ublosomujyt's Food Shop.
 21081 | Orc:2    | Found Aclonog's Assorted Antiques.
 21327 | D:13     | Found a gate to the Vaults.
 21421 | D:13     | Reached skill level 10 in Invocations
 21998 | D:14     | Reached skill level 15 in Axes
 22029 | D:14     | Reached XP level 15. HP: 127/139 MP: 7/21
 22419 | D:14     | Received a gift from Okawaru
 22446 | D:14     | Identified a +2 pair of boots of running (Okawaru gifted it
                  | to you on level 14 of the Dungeon)
 23027 | D:14     | Noticed Agnes
 23054 | D:14     | HP: 1/139 [Agnes/+1 lajatang of protection (31)]
 23060 | D:14     | Killed Agnes
 23528 | D:15     | Entered Level 15 of the Dungeon
 23668 | D:15     | Found a staircase to the Depths.
 23738 | D:15     | Noticed Nessos
 23764 | D:15     | Killed Nessos
 24123 | D:15     | Reached skill level 15 in Fighting
 24507 | D:15     | Reached skill level 15 in Shields
 24595 | D:15     | Received a gift from Okawaru
 25081 | Spider:1 | Entered Level 1 of the Spider Nest
 26432 | Spider:2 | Reached XP level 16. HP: 103/149 MP: 7/23
 26751 | Spider:2 | Received a gift from Okawaru
 26754 | Spider:2 | Got a smelly chain mail {god gift}
 26769 | Spider:1 | Identified the +2 chain mail of Kadatah {rPois Regen+}
                  | (Okawaru gifted it to you on level 2 of the Spider Nest)
 27755 | Spider:3 | Noticed Arachne
 27773 | Spider:3 | Killed Arachne
 27858 | Spider:3 | Noticed Roxanne
 28081 | Spider:3 | Killed Roxanne
 28266 | Spider:4 | Entered Level 4 of the Spider Nest
 28732 | Spider:4 | Received a gift from Okawaru
 29003 | Spider:4 | Noticed Asterion
 29019 | Spider:4 | Killed Asterion
 29538 | Spider:4 | Reached skill level 1 in Evocations
 29676 | Spider:4 | Received a gift from Okawaru
 29676 | Spider:4 | Reached XP level 17. HP: 153/160 MP: 0/24
 29793 | Spider:4 | Got a gossamer rune of Zot
 29969 | Shoals:1 | Entered Level 1 of the Shoals
 30037 | Shoals:1 | Found a frozen archway.
 30093 | IceCv    | Entered an ice cave
 31047 | IceCv    | Found the +0 mask of the Dragon {MR+ Slay+3 SInv}
 31074 | IceCv    | Got a pair of transparent gloves
 31093 | IceCv    | Identified the Guide on Venom
 31139 | IceCv    | Identified the +2 pair of gloves of the Trees {*Slow rElec
                  | Regen+ Stlth+} (You found it in an ice cave)
 31810 | Shoals:2 | Noticed Ilsuiw
 31871 | Shoals:2 | Killed Ilsuiw
 31906 | Shoals:2 | Received a gift from Okawaru
 31906 | Shoals:2 | Reached skill level 10 in Dodging
 32802 | Shoals:2 | Noticed a kraken
 32822 | Shoals:2 | Killed a kraken
 32870 | Shoals:2 | Upgraded the game from 0.23.2 to 0.23.2-1-ga50397a
 33057 | Shoals:3 | Received a gift from Okawaru
 33104 | Shoals:3 | Found a hide-covered altar of Uskayaw.
 33615 | Shoals:3 | Reached skill level 5 in Evocations
 33759 | Shoals:4 | Entered Level 4 of the Shoals
 33917 | Shoals:4 | Reached XP level 18. HP: 123/170 MP: 8/25
 34052 | Shoals:4 | Received a gift from Okawaru
 34080 | Shoals:4 | Got a bloodstained broad axe {god gift}
 34081 | Shoals:4 | Identified the +11 broad axe of Ambiguity {flame, SInv}
                  | (Okawaru gifted it to you on level 4 of the Shoals)
 34203 | Shoals:4 | Got a translucent hat
 34312 | Shoals:4 | Noticed Aizul
 34329 | Shoals:4 | Killed Aizul
 34477 | Shoals:4 | Got a tiger eye-encrusted plate armour
 34580 | Shoals:4 | Got a barnacled rune of Zot
 34779 | Shoals:4 | Identified the +5 plate armour of the Mind {rC+} (You found
                  | it on level 4 of the Shoals)
 35037 | Vaults:1 | Entered Level 1 of the Vaults
 35299 | Vaults:1 | Received a gift from Okawaru
 36284 | Vaults:2 | Received a gift from Okawaru
 36453 | Vaults:2 | Reached XP level 19. HP: 181/181 MP: 26/26
 36674 | Vaults:2 | Identified Sif Muna's Incunabulum of Glacial Dislocation
 36961 | Vaults:2 | Found Pine Eke's Assorted Antiques.
 37152 | Vaults:2 | Received a gift from Okawaru
 37161 | Vaults:2 | Got a pair of scorched boots {god gift}
 37172 | Vaults:2 | Identified the +2 pair of boots "Ipoafunewk" {+Fly}
                  | (Okawaru gifted it to you on level 2 of the Vaults)
 37192 | Vaults:2 | Identified the +2 hat of Vemuif {+Blink rN+ Dex+3 Slay-2}
                  | (You found it on level 4 of the Shoals)
 37553 | Vaults:3 | Found a magical portal.
 37566 | WizLab   | Entered Lehudib's Moon Base
 38237 | WizLab   | Received a gift from Okawaru
 38265 | WizLab   | Gained mutation: You occasionally shout uncontrollably at
                  | your foes. [a cacodemon]
 38267 | WizLab   | Gained mutation: You are partially covered in thin metallic
                  | scales. (AC +2) [a cacodemon]
 38268 | WizLab   | Gained mutation: Scrolls take you a little longer to read.
                  | [a cacodemon]
 38327 | WizLab   | Found a transporter.
 38374 | WizLab   | Reached XP level 20. HP: 180/195 MP: 27/27
 38547 | WizLab   | Found a transporter.
 38635 | WizLab   | Gained mutation: You are weak. (Str -2) [a cacodemon]
 38856 | WizLab   | Got a coiled bronze ring
 38857 | WizLab   | Identified the Tome of Arcane Weapons and Contamination
 38871 | WizLab   | Identified the ring of Etyfaj {Fire rElec MR+} (You found
                  | it in a wizard's laboratory)
 39043 | Vaults:3 | Received a gift from Okawaru
 39126 | Vaults:3 | Found Dateij's Assorted Antiques.
 39132 | Vaults:3 | Bought a scroll of enchant armour for 352 gold pieces
 39468 | Vaults:3 | Found a staircase to the Crypt.
 39468 | Vaults:3 | Found a basalt altar of Yredelemnul.
 39469 | Vaults:3 | Found an ancient bone altar of Kikubaaqudgha.
 40096 | Vaults:4 | Received a gift from Okawaru
 40920 | Vaults:4 | Found Vaobb's Weapon Shoppe.
 41177 | Vaults:4 | Found Lisydeni's Armour Boutique.
 41187 | Vaults:4 | Received a gift from Okawaru
 41205 | Vaults:4 | Reached XP level 21. HP: 180/209 MP: 28/28
 41429 | Vaults:4 | Identified the +8 hunting sling of the Tent {flame, Dex+8}
 41626 | Vaults:4 | Identified a scroll of acquirement
 41805 | Depths:1 | Entered Level 1 of the Depths
 41922 | Depths:1 | Found a gateway to a ziggurat.
 41952 | Depths:1 | Received a gift from Okawaru
 41964 | Depths:1 | Got a smoking large shield {god gift}
 41978 | Depths:1 | Identified the +0 large shield "Teliwn" {rF++ Str+4}
                  | (Okawaru gifted it to you on level 1 of the Depths)
 42310 | Depths:1 | Found a gateway to Hell.
 42843 | Depths:1 | Found a one-way gate leading to the halls of Pandemonium.
 43120 | Depths:2 | Noticed Bai Suzhen
 43358 | Depths:2 | Killed Bai Suzhen
 43386 | Depths:2 | Identified the +3 faerie dragon scales {Regen+ rCorr
                  | Slay+2}
 43386 | Depths:2 | Noticed the Enchantress
 43402 | Depths:2 | Killed the Enchantress
 43414 | Depths:2 | Received a gift from Okawaru
 43746 | Depths:2 | Reached XP level 22. HP: 200/217 MP: 29/29
 44284 | Depths:3 | Received a gift from Okawaru
 44335 | Depths:3 | Got a faintly humming shield {god gift}
 44509 | Depths:3 | Found a runed translucent door.
 44510 | Depths:3 | Noticed an ancient lich
 44527 | Depths:3 | Killed an ancient lich
 44530 | Depths:3 | Got scorched fire dragon scales
 44544 | Depths:3 | Identified the +6 fire dragon scales "Qohut" {rF++ rC-
                  | Dex+5} (You found it on level 3 of the Depths)
 44564 | Depths:3 | Identified the +5 shield of Awe {rElec rC- Int+5 SInv}
                  | (Okawaru gifted it to you on level 3 of the Depths)
 44626 | Depths:3 | Found a runed translucent door.
 44626 | Depths:3 | Noticed an ancient lich
 44764 | Depths:3 | Received a gift from Okawaru
 44860 | Depths:3 | Got a scintillating platinum amulet
 44862 | Depths:3 | Identified the amulet of Leaves {RegenMP rF+ rC+} (You
                  | acquired it on level 3 of the Depths)
 45299 | Depths:4 | Received a gift from Okawaru
 45324 | Depths:4 | Found the +4 skin of Zhor {Hibernate rC+++ SInv}
 45431 | Depths:4 | Found a one-way gate to the infinite horrors of the Abyss.
 45527 | Depths:4 | Reached XP level 23. HP: 225/225 MP: 30/30
 45729 | Depths:5 | Entered Level 5 of the Depths
 46021 | Depths:5 | Found a gate to the Realm of Zot.
 46330 | Depths:5 | Found Ritwox's Book Boutique.
 46331 | Depths:5 | Found Ashretiva's Antique Armour Shop.
 46331 | Depths:5 | Found Siesoukogo's Antique Weapon Boutique.
 46341 | Depths:5 | Found Puil's Jewellery Shop.
 46395 | Depths:5 | Bought a glowing cloak for 195 gold pieces
 46488 | Depths:5 | Found a basalt altar of Yredelemnul.
 46882 | Elf:1    | Entered Level 1 of the Elven Halls
 47175 | Elf:1    | Received a gift from Okawaru
 47703 | Elf:2    | Noticed Azrael
 47714 | Elf:2    | Killed Azrael
 47768 | Elf:2    | Found a huge runed translucent gate.
 47768 | Elf:2    | Found a huge runed translucent gate.
 47768 | Elf:2    | Found a huge runed translucent gate.
 47771 | Elf:2    | Found a huge runed translucent gate.
 47772 | Elf:2    | Found a huge runed translucent gate.
 47907 | Elf:2    | Noticed Nikola
 47915 | Elf:2    | Killed Nikola
 48072 | Elf:2    | Noticed Jorgrun
 48085 | Elf:2    | Killed Jorgrun
 48239 | Elf:2    | Received a gift from Okawaru
 48508 | Elf:3    | Entered Level 3 of the Elven Halls
 49148 | Elf:3    | Reached XP level 24. HP: 236/236 MP: 31/31
 49300 | Elf:3    | Identified the ring "Moyxovuf" {Str+2 Dex+5}
 49419 | Elf:3    | Identified the cursed ring of Qenou {MR++ AC-3 Dex-2}
 49434 | Elf:3    | Identified the ring of Descent {MP+9 Int-2 Dex+4}
 49448 | Elf:3    | Received a gift from Okawaru
 49458 | Elf:3    | Identified the cursed +0 robe of Zatwuar {+Blink Int+3
                  | Dex-4}
 49467 | Elf:3    | Identified the +1 long sword "Quer" {slice, rC++ rN+ Int+3}
 49523 | Elf:3    | Identified Faodutt's Incunabulum of the Creative Glacier
 50235 | Vaults:5 | Entered Level 5 of the Vaults
 50267 | Vaults:5 | Noticed Xtahua
 50288 | Vaults:5 | Killed Xtahua
 50325 | Vaults:5 | Noticed an ancient lich
 50350 | Vaults:5 | Received a gift from Okawaru
 50353 | Vaults:5 | Killed an ancient lich
 50460 | Vaults:5 | Found Kuunoira's Jewellery Emporium.
 50588 | Vaults:5 | Found Paaheh's Jewellery Boutique.
 50686 | Vaults:5 | Received a gift from Okawaru
 50687 | Vaults:5 | Found the +8 mithril axe "Arga" {speed, MR+}
 50775 | Vaults:5 | Reached XP level 25. HP: 238/247 MP: 32/32
 50926 | Vaults:5 | Received a gift from Okawaru
 50929 | Vaults:5 | Got a pair of jewelled gloves {god gift}
 50947 | Vaults:5 | Identified the +4 pair of gloves of Springtime {MR+}
                  | (Okawaru gifted it to you on level 5 of the Vaults)
 51006 | Vaults:5 | Paralysed by a hornet for 3 turns
 51393 | Vaults:5 | Found Muvar's Distillery.
 51449 | Vaults:5 | Bought a potion of agility for 64 gold pieces
 51449 | Vaults:5 | Bought a potion of might for 64 gold pieces
 51449 | Vaults:5 | Bought 2 potions of mutation for 256 gold pieces
 51449 | Vaults:5 | Bought a potion of haste for 160 gold pieces
 51449 | Vaults:5 | Bought a potion of agility for 64 gold pieces
 51474 | Vaults:5 | Found Muebae Jejo's Magic Scroll Shoppe.
 51478 | Vaults:5 | Bought a scroll of enchant weapon for 142 gold pieces
 51482 | Vaults:5 | Bought a scroll of fear for 66 gold pieces
 51491 | Vaults:5 | Found Mubbom's Magic Scroll Emporium.
 51495 | Vaults:5 | Bought a scroll of magic mapping for 59 gold pieces
 52028 | Vaults:5 | Found Xuipsizio's Antique Armour Shoppe.
 52040 | Vaults:5 | Got a silver rune of Zot
 52407 | Zot:1    | Entered Level 1 of the Realm of Zot
 52461 | Zot:1    | Reached skill level 15 in Invocations
 52633 | Zot:1    | Received a gift from Okawaru
 52839 | Zot:1    | Noticed an orb of fire
 52852 | Zot:1    | Gained mutation: Your spells are a little easier to cast,
                  | but a little less powerful. [an orb of fire]
 52860 | Zot:1    | Gained mutation: You are frail. (-10% HP) [an orb of fire]
 52867 | Zot:1    | Killed an orb of fire
 52914 | Zot:1    | Received a gift from Okawaru
 52929 | Zot:1    | Reached XP level 26. HP: 230/230 MP: 33/33
 53250 | Zot:2    | You fall through a shaft for 2 floors!
 53267 | Zot:4    | Reached skill level 27 in Armour
 53281 | Zot:4    | Reached skill level 15 in Dodging
 53793 | Zot:2    | You fall through a shaft!
 53806 | Zot:3    | Noticed an orb of fire
 53820 | Zot:3    | Gained mutation: You do not regenerate when monsters are
                  | visible. [an orb of fire]
 53821 | Zot:3    | Killed an orb of fire
 53902 | Zot:3    | Found a transporter.
 53944 | Zot:3    | Found a transporter.
 53973 | Zot:3    | Lost mutation: You do not regenerate when monsters are
                  | visible. [potion of mutation]
 53973 | Zot:3    | Lost mutation: Your spells are a little easier to cast, but
                  | a little less powerful. [potion of mutation]
 53973 | Zot:3    | Lost mutation: You are frail. (-10% HP) [potion of
                  | mutation]
 53973 | Zot:3    | Lost mutation: Scrolls take you a little longer to read.
                  | [potion of mutation]
 53973 | Zot:3    | Gained mutation: You are very weak. (Str -4) [potion of
                  | mutation]
 53973 | Zot:3    | Gained mutation: Your flesh is cold resistant. (rC+)
                  | [potion of mutation]
 53973 | Zot:3    | Gained mutation: You have sharp fingernails. [potion of
                  | mutation]
 53988 | Zot:3    | Received a gift from Okawaru
 54082 | Zot:3    | Identified Sif Muna's Handbook of Shifting Toxins
 54107 | Zot:3    | Got a scorched hat
 54118 | Zot:3    | Identified the +0 hat "Ygraonk" {rF+ Str+3 Dex-5} (You
                  | found it on level 3 of the Realm of Zot)
 54837 | Zot:4    | Received a gift from Okawaru
 55209 | Zot:4    | Reached XP level 27. HP: 231/268 MP: 34/34
 55397 | Zot:5    | Entered Level 5 of the Realm of Zot
 55410 | Zot:5    | Found a runed translucent gate.
 55410 | Zot:5    | Found an opulent altar of Gozag.
 55425 | Zot:5    | Found a runed translucent gate.
 55425 | Zot:5    | Found a runed translucent gate.
 55440 | Zot:5    | Found Cufotten's Assorted Antiques.
 55440 | Zot:5    | Noticed Graouh's ghost (legendary MiFi)
 55819 | Zot:5    | Killed Graouh's ghost
 55819 | Zot:5    | Received a gift from Okawaru
 55943 | Zot:5    | Received a gift from Okawaru
 55944 | Zot:5    | Found the +2 hat of the Bear Spirit {Spirit, +Rage rN+
                  | MR++}
 56126 | Zot:5    | Noticed an ancient lich
 56142 | Zot:5    | Killed an ancient lich
 56236 | Zot:5    | Reached skill level 27 in Fighting
 56288 | Zot:5    | Cast into level 5 of the Abyss (the power of Zot)
 56288 | Abyss:5  | Entered Level 5 of the Abyss
 56288 | Abyss:5  | Entered Level 5 of the Abyss
 56288 | Abyss:5  | Found a corrupted altar of Lugonu.
 56314 | Zot:5    | Escaped the Abyss
 56719 | Zot:5    | Noticed an orb of fire
 56732 | Zot:5    | Killed an orb of fire
 57004 | Zot:5    | Received a gift from Okawaru
 57147 | Zot:5    | Noticed an ancient lich
 57162 | Zot:5    | Killed an ancient lich
 57271 | Zot:5    | Noticed an orb of fire
 57287 | Zot:5    | Gained mutation: Armour fits poorly on your strangely
                  | shaped body. [an orb of fire]
 57297 | Zot:5    | Killed an orb of fire
 57829 | Slime:1  | Entered Level 1 of the Pits of Slime
 57833 | Slime:1  | Gained mutation: You are clumsy. (Dex -2) [a shining eye]
 57842 | Slime:1  | Gained mutation: You are dopey. (Int -2) [a shining eye]
 57865 | Slime:2  | Noticed Dissolution
 57871 | Slime:2  | Killed Dissolution
 58306 | Slime:5  | Entered Level 5 of the Pits of Slime
 58327 | Slime:5  | Noticed the Royal Jelly
 58353 | Slime:5  | Received a gift from Okawaru
 58354 | Slime:5  | Found a viscous altar of Jiyva.
 58362 | Slime:5  | Killed the Royal Jelly
 58412 | Slime:5  | Found the +8 storm bow {elec}
 58431 | Slime:5  | Got a twitching lapis lazuli ring
 58478 | Slime:5  | Got a slimy rune of Zot
 58511 | Slime:5  | Identified the ring "Cibiyz" {Fire rPois Str+2 Dex-3} (You
                  | found it on level 5 of the Pits of Slime)
 58900 | Depths:4 | Lost mutation: You have sharp fingernails. [potion of
                  | mutation]
 58900 | Depths:4 | Lost mutation: You are clumsy. (Dex -2) [potion of
                  | mutation]
 58900 | Depths:4 | Lost mutation: You are very weak. (Str -4) [potion of
                  | mutation]
 58900 | Depths:4 | Lost mutation: You are dopey. (Int -2) [potion of mutation]
 58900 | Depths:4 | Gained mutation: You expend magic power (3 MP) to
                  | strengthen your wands. [potion of mutation]
 58901 | Depths:4 | Lost mutation: You are weak. (Str -2) [potion of mutation]
 58901 | Depths:4 | Lost mutation: You expend magic power (3 MP) to strengthen
                  | your wands. [potion of mutation]
 58901 | Depths:4 | Lost mutation: Your flesh is cold resistant. (rC+) [potion
                  | of mutation]
 58901 | Depths:4 | Gained mutation: Your system is resistant to poisons.
                  | (rPois) [potion of mutation]
 58901 | Depths:4 | Gained mutation: You possess an exceptional clarity of
                  | mind. [potion of mutation]
 58901 | Depths:4 | Gained mutation: You passively map a small area around you.
                  | [potion of mutation]
 58907 | Depths:4 | Voluntarily entered the Abyss.
 59547 | Abyss:3  | Received a gift from Okawaru
 59600 | Abyss:4  | Found a transporter.
 59600 | Abyss:5  | Entered Level 5 of the Abyss
 59624 | Abyss:5  | Paralysed by a floating eye for 4 turns
 59657 | Abyss:5  | Got an abyssal rune of Zot
 59733 | Depths:4 | Escaped the Abyss
 59924 | Zot:5    | Lost mutation: You passively map a small area around you.
                  | [potion of mutation]
 59924 | Zot:5    | Lost mutation: You occasionally shout uncontrollably at
                  | your foes. [potion of mutation]
 59924 | Zot:5    | Lost mutation: You possess an exceptional clarity of mind.
                  | [potion of mutation]
 59924 | Zot:5    | Gained mutation: You are covered in fur. (AC +1) [potion of
                  | mutation]
 59924 | Zot:5    | Gained mutation: Your body sometimes deteriorates upon
                  | taking damage. [potion of mutation]
 59924 | Zot:5    | Gained mutation: You have a pair of large horns on your
                  | head. [potion of mutation]
 59929 | Zot:5    | Lost mutation: Your body sometimes deteriorates upon taking
                  | damage. [potion of mutation]
 59929 | Zot:5    | Lost mutation: You have a pair of large horns on your head.
                  | [potion of mutation]
 59929 | Zot:5    | Lost mutation: You are partially covered in thin metallic
                  | scales. (AC +2) [potion of mutation]
 59929 | Zot:5    | Gained mutation: Your body sometimes deteriorates upon
                  | taking damage. [potion of mutation]
 59929 | Zot:5    | Gained mutation: Your flesh is heat resistant. (rF+)
                  | [potion of mutation]
 59929 | Zot:5    | Gained mutation: You have supernaturally acute eyesight.
                  | (SInv) [potion of mutation]
 59932 | Zot:5    | Got the Orb of Zot
 60421 | D:13     | Noticed Ikhlehuv the pandemonium lord
 60458 | D:12     | Received a gift from Okawaru
 60461 | D:12     | Got a shimmering hat {god gift}
 60487 | D:11     | Noticed Fite Dogh the pandemonium lord
 60741 | D:6      | Noticed Jaxzoh the pandemonium lord
 60741 | D:6      | Noticed an ancient lich
 60894 | D:1      | Identified the +1 hat of the Blind Marksman {-Cast +Blink
                  | rN+ Regen+} (Okawaru gifted it to you on level 12 of the
                  | Dungeon)
 60923 | D:$      | Escaped with the Orb!

Skill      XL: |  1  2  3  4  5  6  7  8  9 10 11 12 13 14 15 16 17 18 19 20 21 22 23 24 25 26 27 |
---------------+----------------------------------------------------------------------------------+-----
Axes           | 3 4 5 6 8 9 11 13 14 15 16 18 23 | 23.5
Fighting       | 6 8 10 11 13 14 15 16 17 18 20 22 23 24 25 26 27 | 27.0
Armour         | 6 8 10 11 14 16 18 19 20 21 22 24 25 26 27 | 27.0
Shields        | 6 8 10 11 13 14 15 16 17 20 24 25 | 25.0
Dodging        | 4 5 6 9 10 12 14 16 | 16.0
Invocations    | 3 6 8 10 11 12 14 15 17 21 | 21.1
Evocations     | 1 5 7 8 9 |  9.3

Action                   |  1- 3 |  4- 6 |  7- 9 | 10-12 | 13-15 | 16-18 | 19-21 | 22-24 | 25-27 || total
-------------------------+-------+-------+-------+-------+-------+-------+-------+-------+-------++-------
Melee: War axe           |    94 |   168 |   380 |   587 |  1417 |  1413 |       |       |       ||  4059
       Headbutt          |    11 |    28 |    79 |   130 |   371 |   539 |   348 |   428 |   668 ||  2602
       Eveningstar       |       |       |       |     8 |    42 |       |       |       |       ||    50
       Broad axe         |       |       |       |       |       |   433 |  1128 |  1294 |  1825 ||  4680
Invok: Heroism           |       |       |     2 |    10 |    11 |     9 |     2 |     5 |     7 ||    46
       Finesse           |       |       |       |     1 |     6 |     4 |     3 |     5 |    11 ||    30
 Abil: Evoke Invisibilit |       |       |       |       |     1 |       |       |     1 |       ||     2
Evoke: Wand              |       |       |       |     1 |    10 |       |     2 |       |     2 ||    15
       Lamp of fire      |       |       |       |       |       |       |       |       |     2 ||     2
  Use: Potion            |       |     1 |       |     1 |     3 |     4 |       |     5 |    10 ||    24
       Scroll            |       |       |       |    19 |     6 |     5 |     1 |    10 |    16 ||    57
 Stab: Invisible         |       |       |       |       |     1 |       |       |       |       ||     1
       Distracted        |       |       |       |       |       |       |       |     2 |     3 ||     5
       Confused          |       |       |       |       |       |       |       |       |     2 ||     2
  Eat: Chunk             |     2 |     6 |     8 |    11 |    35 |    34 |    24 |    29 |    29 ||   178
       Ration            |       |       |     2 |     4 |     2 |       |       |       |     1 ||     9
Armor: Scale mail        |    39 |    66 |   138 |     5 |       |       |       |       |       ||   248
       Chain mail        |       |       |       |   148 |   371 |   473 |       |       |       ||   992
       Plate armour      |       |       |       |       |       |    37 |   227 |   250 |    81 ||   595
       Gold dragon scale |       |       |       |       |       |       |       |       |   332 ||   332
       Skin              |       |       |       |       |       |       |       |       |     1 ||     1
Dodge: Dodged            |    31 |    37 |    81 |   142 |   637 |   912 |   342 |   387 |   679 ||  3248
Block: Shield            |    45 |    75 |   147 |   297 |   832 |  1146 |   366 |       |       ||  2908
       Large shield      |       |       |       |       |       |       |   213 |  1179 |  1677 ||  3069
